 Dungeon Crawl Stone Soup version 0.19-a0-376-gf780d9b (webtiles) character file.

248243 McCoppin the Phalangite (level 20, -16/153 HPs)
             Began as a Formicid Gladiator on May 29, 2016.
             Was the Champion of Hepliaklqana.
             Killed from afar by a lich (46 damage)
             ... with a crystal spear
             ... on level 3 of the Vaults on May 30, 2016.
             The game lasted 03:08:48 (41685 turns).

McCoppin the Phalangite (Formicid Gladiator)       Turns: 41685, Time: 03:08:49

Health: -16/153    AC: 18    Str: 31    XL:     20   Next: 35%
Magic:  30/30      EV: 24    Int: 12    God:    Hepliaklqana [******]
Gold:   1233       SH: 28    Dex: 14    Spells: 0 memorised, 19 levels left

rFire  . . .     SeeInvis +     M - +9 bardiche (chop)
rCold  + + .     Gourm    .     W - +5 ring mail of Contentment {rPois Str+4 Int+5}
rNeg   + . .     Faith    .     m - +2 large shield "Kisykkeh" {rN+ MR+}
rPois  +         Spirit   .     (helmet unavailable)
rElec  .         Dismiss  .     D - +0 cloak {rC+}
rCorr  .         Reflect  +     A - +0 pair of gloves
SustAt .         Harm     .     J - +1 pair of boots {Fly}
MR     +++..     Clarity  +     p - +4 amulet of reflection
Stlth  ++........               H - +6 ring of evasion
                                f - ring of Quatasch {EV+4 Str+4}

@: flying, extremely resistant to hostile enchantments, unstealthy
A: permanent stasis, dig shafts and tunnels, four strong arms, antennae 3, fangs
1, hooves 1, camouflage 1, clarity, clumsy 1, cold resistance 1, dopey 1,
mutation resistance 1
a: Dig, Shaft Self, Recall Ancestor, Ancestor Identity, Transference, Idealise,
Renounce Religion, Stop Flying
}: 2/15 runes: serpentine, barnacled


You were on level 3 of the Vaults.
You worshipped Hepliaklqana.
Hepliaklqana was exalted by your worship.
You were very hungry.

You visited 6 branches of the dungeon, and saw 36 of its levels.
You also visited: Ossuary, Ice Cave and Volcano.

You collected 3680 gold pieces.
You spent 2447 gold pieces at shops.

Inventory:

Hand Weapons
 M - a +9 bardiche of chopping (weapon)
Missiles
 c - 13 throwing nets (quivered)
Armour
 k - a +2 chain mail of fire resistance
 m - the +2 large shield "Kisykkeh" (worn) {rN+ MR+}
   (You acquired it in an ice cave)

   It protects you from negative energy.
   It affects your resistance to hostile enchantments.
 o - a fire dragon hide
 A - a +0 pair of gloves (worn)
 D - a +0 cloak of cold resistance (worn)
 J - a +1 pair of boots of flying (worn)
 N - a +2 pair of boots
 Q - a +2 chain mail of cold resistance
 R - a +2 plate armour of magic resistance
 W - the +5 ring mail of Contentment (worn) {rPois Str+4 Int+5}
   (You found it on level 2 of the Snake Pit)

   It affects your strength (+4).
   It affects your intelligence (+5).
   It protects you from poison.
Jewellery
 f - the ring of Quatasch (left hand) {EV+4 Str+4}
   (You found it on level 8 of the Lair of Beasts)

   [ring of evasion]

   It affects your evasion (+4).
   It affects your strength (+4).
 p - a +4 amulet of reflection (around neck)
 z - the ring of Weapanwori {*Tele Slay+4}
   (You found it on level 1 of the Snake Pit)

   [ring of teleportation]

   It may teleport you next to monsters.
   It affects your accuracy and damage with ranged weapons and melee attacks
   (+4).
 H - a +6 ring of evasion (right hand)
Wands
 x - a wand of disintegration (8/24)
 T - a wand of digging (11/24)
 U - a wand of heal wounds (2/9)
Scrolls
 b - 2 scrolls of silence
 e - 12 scrolls of remove curse
 h - 3 scrolls of immolation
 i - 2 scrolls of summoning
 l - 2 scrolls of vulnerability
 t - a scroll of torment
 u - 9 scrolls of enchant armour
 v - 3 scrolls of fear
 w - 6 scrolls of fog
 y - 6 scrolls of noise
 B - 3 scrolls of amnesia
 C - a scroll of holy word
 G - a scroll of brand weapon
 K - 8 scrolls of identify
 O - 4 scrolls of recharging
 V - 4 scrolls of magic mapping
 Y - a scroll of enchant weapon
Potions
 a - 3 potions of brilliance
 g - 4 potions of lignification
 j - 5 potions of might
 n - 3 potions of curing
 q - 4 potions of invisibility
 r - 6 potions of flight
 s - 4 potions of heal wounds
 E - a potion of mutation
 F - 2 potions of ambrosia
 I - a potion of magic
 P - 3 potions of agility
 X - 2 potions of cancellation
 Z - a potion of resistance
Comestibles
 d - 15 bread rations
 L - 7 beef jerkies
 S - 5 fruits


   Skills:
 - Level 12.2 Fighting
 + Level 23.7 Polearms
 - Level 2.0 Throwing
 - Level 11.8 Armour
 - Level 5.6 Dodging
 - Level 16.2 Shields
 - Level 14.1 Invocations


You had 19 spell levels left.
You didn't know any spells.

Dungeon Overview and Level Annotations

Branches:
Dungeon (15/15)            Temple (0/1) D:4            Lair (8/8) D:10
 Shoals (4/4) Lair:6        Snake (4/4) Lair:4        Slime (0/6) Lair:6
    Orc (2/2) D:11            Elf (0/3) Orc:2        Vaults (2/5) D:13
 Depths (0/5) D:15
  Crypt: Vaults:2-3

Altars:
Ashenzari
Dithmenos
Elyvilon
Gozag
Hepliaklqana
Nemelex Xobeh
Qazlal
Sif Muna
Vehumet
Xom
Beogh
Jiyva
Lugonu

Shops:
D:8 [   Orc:2 ***=   Shoals:1 (   Snake:2 :   Snake:4 ?   Vaults:1 %
Vaults:2 *

Annotations:
D:6 Prince Ribbit


Innate Abilities, Weirdness & Mutations

You are under a permanent stasis effect.
You can dig through walls and to a lower floor.
Your four strong arms can wield two-handed weapons with a shield.
You have a pair of large antennae on your head. (SInv)
You have very sharp teeth.
You have large cloven feet.
Your skin changes colour to match your surroundings (Stealth+).
You possess an exceptional clarity of mind.
You are clumsy. (Dex -2)
Your flesh is cold resistant. (rC+)
You are dopey. (Int -2)
You are somewhat resistant to further mutation.


Message History

The stone giant throws a large rock.
You reflect the large rock off an invisible shield around you!
The large rock hits the stone giant!!!
Attack whom?
Press: ? - help, Dir - move target cursor, f/p - lich
Aim: a lich (severely damaged, fast)
You completely miss the lich.
The lich is severely damaged.
The lich casts a spell at you. The crystal spear hits you!
Ouch! That really hurt!
* * * LOW HITPOINT WARNING * * *
Attack whom?
Press: ? - help, Dir - move target cursor, f/p - lich
Aim: a lich (severely damaged, fast)
You slash the lich! You bite the lich, but do no damage.
The lich is almost destroyed.
The lich points at you and mumbles some strange words.
The crystal spear hits you!
You die...

........
......#
.<<...
<<.o. {
.Ze##


{{CcX {{#L# # {#@##.# #...[# ###### You could see a tentacled monstrosity, a
stone giant, a lich, an orc knight, a centaur warrior, a deep elf mage and a
human simulacrum.

Vanquished Creatures
  Nikola (Snake:4)
  An Ice Fiend (IceCv)
  Rupert (Lair:7)
  Gastronok (Lair:1)
  3 greater nagas (Snake:4)
  Ilsuiw (Shoals:4)
  A frost giant (Shoals:4)
  The ghost of removeelyvilon the Fencer, a journeyman DsFi of Hepliaklqana (Orc:2)
  Louise (Shoals:3)
  3 vault wardens
  The ghost of casual the Imperceptible, an adept SpEn of Hepliaklqana (Snake:1)
  An ironheart preserver (Vaults:1)
  A dire elephant (D:15)
  3 merfolk javelineers (Shoals:4)
  2 fire dragons
  4 ogre magi (Vaults:1)
  3 merfolk impalers
  Josephine (Lair:8)
  2 vault guards (D:13)
  Harold (Orc:1)
  4 hydras
  A merfolk aquamancer (Shoals:4)
  11 naga warriors
  A catoblepas (Lair:8)
  11 anacondas
  2 centaur warriors
  9 death yaks
  Erica (Lair:1)
  2 satyrs (Shoals:4)
  A dancing weapon (Orc:2)
  5 naga sharpshooters (Snake:4)
  A queen ant (Lair:6)
  A shock serpent (shapeshifter) (Vaults:1)
  An orc high priest (Orc:2)
  6 shock serpents
  Urug (Lair:4)
  A deep elf knight (Vaults:2)
  2 salamander mystics (Snake:2)
  4 skeletal warriors (Vaults:1)
  An unseen horror (Vaults:1)
  7 sea snakes
  A giant orange brain (Vaults:1)
  2 ironbrand convokers
  6 naga ritualists
  6 hill giants
  2 harpies
  2 lindwurms (Lair:7)
  10 mana vipers
  4 orc knights
  3 orc sorcerers
  5 statues (Volcano)
  12 ugly things
  3 deep elf magi
  2 wizards
  A cyclops (Shoals:4)
  3 fauns
  6 manticores
  7 griffons
  8 elephants
  3 wolf spiders
  6 salamanders
  17 naga magi
  2 vault sentinels
  2 centaur zombies (D:15)
  5 water nymphs
  4 sirens
  31 black mambas
  4 guardian serpents
  A torpor snail (Lair:4)
  7 spiny frogs
  5 rime drakes
  10 komodo dragons
  5 yaktaurs
  3 kobold demonologists
  5 ice devils (IceCv)
  3 freezing wraiths
  An efreet (D:15)
  The ghost of namelastname112 the Magician, a novice DEWz (D:5)
  10 merfolk
  2 trolls
  A wind drake (Shoals:3)
  11 two-headed ogres
  8 slime creatures
  A boulder beetle (Lair:7)
  8 blink frogs
  2 snapping turtles (Shoals:4)
  A redback (Vaults:1)
  A shadow (D:14)
  A vampire (D:15)
  A tarantella (shapeshifter) (Vaults:1)
  6 wraiths
  A dire elephant simulacrum (IceCv)
  4 wyverns
  A spriggan (D:7)
  3 fire bats (Volcano)
  23 yaks
  8 hippogriffs
  10 humans
  A steam dragon (Lair:8)
  4 basilisks
  5 water elementals
  Eustachio (D:6)
  A hippogriff (shapeshifter) (Vaults:1)
  A yaktaur simulacrum (Vaults:2)
  8 vampire mosquitoes
  A death yak simulacrum (IceCv)
  2 hungry ghosts
  2 iron troll simulacra (IceCv)
  A mottled dragon (Volcano)
  39 nagas
  2 wargs
  5 harpy simulacra (IceCv)
  11 soldier ants
  2 hydra simulacra (IceCv)
  9 water moccasins
  6 porcupines
  23 orc warriors
  A swamp drake (Orc:2)
  2 ice beasts
  A wasp (D:11)
  A sky beast (D:12)
  3 phantoms
  A black bear (D:11)
  19 wolves
  25 ogres
  5 centaurs
  10 crocodiles
  11 big kobolds
  18 giant frogs
  A gnoll sergeant (D:9)
  2 wyvern skeletons
  A scorpion (Lair:4)
  An orc simulacrum (Vaults:1)
  A human simulacrum (Vaults:2)
  5 killer bees
  3 wights (D:9)
  2 electric eels
  5 howler monkeys
  3 crimson imps
  A quasit (D:8)
  A draconian simulacrum (IceCv)
  3 hounds
  18 orc priests
  A giant frog skeleton (D:6)
  4 jellies
  22 orc wizards
  Crazy Yiuf (D:2)
  2 centaur skeletons
  An iron imp (Orc:2)
  Jessica (D:2)
  11 iguanas
  9 hell rats
  43 worker ants
  4 troll simulacra (IceCv)
  A spriggan simulacrum (IceCv)
  9 sheep
  A wolf simulacrum (IceCv)
  A centaur simulacrum (IceCv)
  A hound zombie (D:7)
  3 mummies
  A hound skeleton (D:4)
  2 worker ant zombies
  20 adders
  10 gnolls
  A naga simulacrum (IceCv)
  51 river rats
  3 shadow imps
  6 white imps
  An ufetubus (IceCv)
  An ooze (D:2)
  2 adder zombies (Ossuary)
  4 worms
  3 giant geckos
  89 orcs
  3 ball pythons
  2 giant cockroaches
  A gnoll zombie (Ossuary)
  5 goblins
  9 hobgoblins
  7 jackals
  4 quokkas
  8 bats
  7 giant newts
  3 goblin zombies (Ossuary)
  4 hobgoblin zombies
  18 kobolds
  4 kobold zombies (Ossuary)
  An orc zombie (D:4)
  2 quokka zombies
  7 rats
  A plant (Shoals:3)
1070 creatures vanquished.

Vanquished Creatures (collateral kills)
  Jorgrun (Shoals:2)
  The ghost of kroki the Warrior, an adept MiGl of Hepliaklqana (Snake:4)
  Kirke (Shoals:2)
  6 greater nagas
  A merfolk javelineer (Shoals:4)
  A vault guard (D:13)
  4 merfolk impalers
  12 naga warriors
  4 hydras
  2 ogre magi
  4 merfolk aquamancers
  A centaur warrior (D:14)
  3 anacondas
  6 death yaks
  2 orc high priests
  3 naga sharpshooters
  2 shock serpents
  2 salamander mystics
  12 sea snakes
  6 naga ritualists
  A necromancer (D:13)
  9 harpies
  2 lindwurms (Lair:7)
  4 griffons
  A wizard (D:13)
  10 ugly things
  A wolf spider (Vaults:1)
  4 deep elf magi
  2 orc sorcerers (Orc:2)
  4 salamanders
  2 mana vipers
  10 elephants
  5 fauns
  3 sirens
  5 manticores
  12 black mambas
  2 guardian serpents
  2 water nymphs (Shoals:3)
  9 naga magi
  A centaur skeleton (D:14)
  3 spiny frogs
  A rime drake (Lair:8)
  7 komodo dragons
  4 yaktaurs
  2 ice devils (IceCv)
  A kobold demonologist (D:11)
  3 anaconda simulacra (IceCv)
  4 trolls
  9 merfolk
  2 wind drakes
  A two-headed ogre (D:9)
  A slime creature (D:12)
  6 blink frogs
  A boulder beetle (Lair:7)
  2 snapping turtles (Shoals:2)
  4 water elementals
  9 yaks
  A shadow (D:12)
  A wraith (Lair:8)
  A fire bat (Volcano)
  8 humans (D:13)
  A vampire mosquito (D:13)
  3 basilisks
  9 hippogriffs
  4 wargs
  20 nagas
  5 soldier ants (Lair:6)
  6 water moccasins
  A porcupine (Lair:8)
  A swamp drake (Lair:8)
  9 orc warriors
  2 ice beasts
  An ettin simulacrum (IceCv)
  A sky beast (D:9)
  An eye of draining (D:12)
  A phantom (D:7)
  A black bear (D:11)
  9 ogres
  An alligator simulacrum (IceCv)
  5 centaurs
  10 wolves
  4 crocodiles
  4 big kobolds (D:10)
  5 giant frogs
  A gnoll sergeant (D:11)
  A scorpion (D:14)
  An elephant simulacrum (IceCv)
  2 wights (D:9)
  2 killer bees (D:8)
  2 howler monkeys
  4 crimson imps
  A giant frog zombie (D:10)
  15 orc priests
  A hound (D:5)
  23 orc wizards
  2 iguanas
  9 worker ants
  2 hell rats
  4 sheep
  A mummy (Ossuary)
  3 adders
  7 gnolls
  A naga simulacrum (IceCv)
  An ogre simulacrum (IceCv)
  20 river rats
  A shadow imp (Orc:2)
  A white imp (IceCv)
  3 ufetubi (IceCv)
  A worm (D:4)
  35 orcs
  A goblin (D:3)
  A jackal (D:8)
  6 kobolds
  A goblin zombie (Ossuary)
  3 quokka zombies (Ossuary)
  3 plants
497 creatures vanquished.

Vanquished Creatures (others)
  Nessos (Lair:8)
  A merfolk javelineer (Shoals:4)
  A naga sharpshooter (Snake:4)
  A naga ritualist (Snake:4)
  A cyclops (Shoals:3)
  A manticore (Shoals:1)
  3 yaktaurs (Vaults:2)
  A human (Shoals:2)
  An orc warrior (Orc:2)
  2 centaurs
  A giant frog (Lair:2)
  An orc wizard (Orc:2)
  29 battlemagi
  7 ancestors
  An ufetubus (IceCv)
  3 orcs
  38 fungi
  25 plants
118 creatures vanquished.

Grand Total: 1685 creatures vanquished

Notes
Turn   | Place    | Note
--------------------------------------------------------------
     0 | D:1      | McCoppin the Formicid Gladiator began the quest for the Orb.
     0 | D:1      | Reached XP level 1. HP: 16/16 MP: 1/1
   162 | D:1      | Reached XP level 2. HP: 22/23 MP: 2/2
   766 | D:2      | Noticed Jessica
   772 | D:2      | Killed Jessica
   772 | D:2      | Reached XP level 3. HP: 29/29 MP: 3/3
   825 | D:2      | Reached XP level 4. HP: 34/35 MP: 4/4
   917 | D:2      | Found a faded altar to an unknown god.
   931 | D:2      | Reached skill level 4 in Polearms
  1228 | D:2      | Noticed Crazy Yiuf
  1232 | D:2      | Killed Crazy Yiuf
  1232 | D:2      | Reached XP level 5. HP: 42/42 MP: 5/5
  1661 | D:3      | Found a hazy altar of Hepliaklqana.
  1667 | D:3      | Became a worshipper of Hepliaklqana
  1681 | D:3      | Reached XP level 6. HP: 47/50 MP: 6/6
  1976 | D:4      | Reached skill level 5 in Fighting
  1992 | D:4      | Reached skill level 5 in Polearms
  1996 | D:4      | Found a sand-covered staircase.
  2021 | Ossuary  | Entered an ossuary
  2460 | D:4      | Found a staircase to the Ecumenical Temple.
  2582 | D:4      | Found a radiant altar of Vehumet.
  2611 | D:4      | Reached XP level 7. HP: 16/56 MP: 7/7
  3418 | D:4      | Reached * piety under Hepliaklqana
  3495 | D:4      | Reached skill level 6 in Polearms
  3741 | D:5      | Entered Level 5 of the Dungeon
  3857 | D:5      | Reached XP level 8. HP: 42/65 MP: 8/8
  4022 | D:5      | Noticed namelastname112's ghost (novice DEWz)
  4042 | D:5      | Killed namelastname112's ghost
  4042 | D:5      | Reached skill level 7 in Polearms
  4417 | D:5      | Found a stormy altar of Qazlal.
  4417 | D:5      | Found a shadowy altar of Dithmenos.
  4420 | D:5      | Found a shimmering altar of Xom.
  4424 | D:5      | Found a shattered altar of Ashenzari.
  4429 | D:5      | Found a sparkling altar of Nemelex Xobeh.
  5070 | D:6      | Noticed Eustachio
  5090 | D:5      | Reached skill level 8 in Polearms
  5090 | D:5      | Reached XP level 9. HP: 34/75 MP: 9/9
  5422 | D:6      | Killed Eustachio
  5760 | D:6      | Reached skill level 9 in Polearms
  6027 | D:6      | Noticed Prince Ribbit
  6103 | D:6      | Reached skill level 10 in Fighting
  6353 | D:7      | Gained mutation: Your flesh is cold resistant. (rC+) [potion of mutation]
  6353 | D:7      | Gained mutation: You have very sharp teeth. [potion of mutation]
  6353 | D:7      | Gained mutation: You are somewhat resistant to further mutation. [potion of mutation]
  6854 | D:7      | Reached skill level 10 in Polearms
  6854 | D:7      | Reached XP level 10. HP: 85/85 MP: 10/10
  6982 | D:7      | Reached ** piety under Hepliaklqana
  6983 | D:7      | Remembered your ancestor Nakurtum's a battlemage death
  7129 | D:7      | Found a deep blue altar of Sif Muna.
  7376 | D:8      | Found an opulent altar of Gozag.
  7467 | D:8      | Found Hucy's Armour Emporium.
  7597 | D:8      | Reached skill level 11 in Polearms
  8298 | D:9      | Reached skill level 12 in Polearms
  8382 | D:9      | Reached *** piety under Hepliaklqana
  8435 | D:9      | Found a white marble altar of Elyvilon.
  8883 | D:10     | Entered Level 10 of the Dungeon
  8901 | D:10     | Reached XP level 11. HP: 87/90 MP: 11/11
  9149 | D:10     | Reached skill level 13 in Polearms
  9168 | D:10     | Found a staircase to the Lair.
  9862 | D:10     | Reached skill level 14 in Polearms
 10086 | D:11     | Reached **** piety under Hepliaklqana
 10089 | D:11     | Noticed a hill giant
 10100 | D:11     | Killed a hill giant
 10197 | D:11     | Found a corrupted altar of Lugonu.
 10227 | D:11     | Noticed a hill giant
 10245 | D:11     | Killed a hill giant
 10488 | D:11     | Found a staircase to the Orcish Mines.
 10499 | D:11     | Reached skill level 15 in Polearms
 10828 | D:11     | Reached skill level 1 in Armour
 10828 | D:11     | Reached skill level 1 in Invocations
 10919 | D:11     | Noticed a manticore
 10941 | D:11     | Killed a manticore
 10941 | D:11     | Reached XP level 12. HP: 80/97 MP: 13/13
 11222 | Lair:1   | Entered Level 1 of the Lair of Beasts
 11223 | Lair:1   | Noticed Gastronok
 11248 | Lair:1   | Killed Gastronok
 11280 | Lair:1   | Reached skill level 5 in Invocations
 11450 | Lair:1   | Reached skill level 1 in Shields
 11719 | Lair:1   | Noticed Erica
 11734 | Lair:1   | Killed Erica
 12097 | Lair:2   | Reached ***** piety under Hepliaklqana
 12376 | Lair:2   | You fall through a shaft!
 12653 | Lair:3   | Reached skill level 5 in Shields
 13459 | Lair:4   | Noticed Urug
 13478 | Lair:4   | Killed Urug
 13517 | Lair:4   | Found a staircase to the Snake Pit.
 13638 | Lair:4   | Reached XP level 13. HP: 82/103 MP: 19/19
 14068 | Lair:4   | Reached skill level 10 in Invocations
 14131 | Lair:4   | Reached skill level 5 in Armour
 14766 | Lair:4   | Noticed an eight-headed hydra
 14778 | Lair:4   | Killed an eight-headed hydra
 15040 | Lair:5   | Reached ****** piety under Hepliaklqana
 15717 | Lair:6   | Reached XP level 14. HP: 110/110 MP: 22/22
 16406 | Lair:6   | Found a viscous altar of Jiyva.
 16407 | Lair:6   | Found a staircase to the Slime Pits.
 16577 | Lair:6   | Found a staircase to the Shoals.
 16929 | Lair:7   | Found a dark tunnel.
 16940 | Volcano  | Entered a volcano
 17088 | Volcano  | Found a radiant altar of Vehumet.
 17110 | Volcano  | Reached skill level 10 in Armour
 17691 | Lair:7   | Noticed Rupert
 17707 | Lair:7   | Killed Rupert
 18541 | Lair:8   | Entered Level 8 of the Lair of Beasts
 18978 | Lair:8   | Noticed Nessos
 19001 | Lair:8   | Killed Nessos
 19001 | Lair:8   | Reached skill level 10 in Shields
 19001 | Lair:8   | Reached XP level 15. HP: 78/115 MP: 25/25
 19005 | Lair:8   | Upgraded the game from 0.19-a0-347-g6bb00b2 to 0.19-a0-353-g6b7ed47
 19005 | Lair:8   | Buggy note description: unknown note type
 19028 | Lair:8   | Got an ancient marble ring
 19130 | Lair:7   | Identified the ring of Quatasch {EV+4 Str+4} (You found it on level 8 of the Lair of Beasts)
 19475 | Lair:8   | Reached skill level 5 in Dodging
 19916 | Lair:8   | Identified a scroll of acquirement
 19917 | Lair:8   | Got a slimy lajatang
 19918 | Lair:8   | Identified the +2 lajatang "Wiurch" {antimagic, Str+4} (You acquired it on level 8 of the Lair of Beasts)
 20068 | Lair:8   | Noticed Josephine
 20078 | Lair:8   | Killed Josephine
 20510 | Lair:8   | HP: 5/115 [fire dragon/blast of flame (25)]
 21412 | Orc:1    | Entered Level 1 of the Orcish Mines
 21417 | Orc:1    | Reached skill level 15 in Shields
 21423 | Orc:1    | Noticed Harold
 21446 | Orc:1    | Killed Harold
 21811 | Orc:1    | Found a roughly hewn altar of Beogh.
 21931 | Orc:2    | Entered Level 2 of the Orcish Mines
 22613 | Orc:2    | Found Iphutt's General Store.
 22613 | Orc:2    | Found Ritog's Jewellery Shoppe.
 22613 | Orc:2    | Found Baylauwa's General Store.
 22618 | Orc:2    | Found Tucvif's Assorted Antiques.
 23205 | Orc:2    | Bought a scroll of enchant weapon for 90 gold pieces
 23205 | Orc:2    | Bought a potion of heal wounds for 60 gold pieces
 23205 | Orc:2    | Bought a scroll of acquirement for 624 gold pieces
 23213 | Orc:2    | Bought a +1 shield of protection for 198 gold pieces
 23225 | Orc:2    | Bought 2 potions of heal wounds for 280 gold pieces
 23233 | Orc:2    | Bought a potion of mutation for 40 gold pieces
 23234 | Orc:2    | Bought a scroll labeled NAMIR MYFO for 28 gold pieces
 23234 | Orc:2    | Bought a scroll labeled DOGIVV XUSAIZ for 28 gold pieces
 23307 | Orc:2    | Found a staircase to the Elven Halls.
 23695 | Orc:2    | Noticed removeelyvilon's ghost (journeyman DsFi)
 23721 | Orc:2    | Killed removeelyvilon's ghost
 24287 | D:12     | Reached XP level 16. HP: 123/123 MP: 26/26
 24389 | D:12     | Gained mutation: You are weak. (Str -2) [mutagenic meat]
 24390 | D:12     | Gained mutation: Scrolls take you a little longer to read. [mutagenic meat]
 24392 | D:12     | Lost mutation: Scrolls take you a little longer to read. [potion of cure mutation]
 24392 | D:12     | Lost mutation: You are somewhat resistant to further mutation. [potion of cure mutation]
 24459 | D:12     | Gained mutation: You possess an exceptional clarity of mind. [potion of beneficial mutation]
 24721 | D:13     | Gained mutation: You are robust. (+10% HP) [mutagenic meat]
 24849 | D:13     | Found a gate to the Vaults.
 25041 | D:13     | Got a dazzling leather armour
 25057 | D:13     | Identified the +7 leather armour of Roikoyt {Dex+3} (You found it on level 13 of the Dungeon)
 25583 | D:14     | Lost mutation: You are robust. (+10% HP) [mutagenic meat]
 25584 | D:14     | Gained mutation: You are dopey. (Int -2) [mutagenic meat]
 25589 | D:14     | Gained mutation: Armour fits poorly on your strangely shaped body. [mutagenic meat]
 25590 | D:14     | Lost mutation: You are weak. (Str -2) [mutagenic meat]
 25591 | D:14     | Gained mutation: Your skin changes colour to match your surroundings (Stealth+). [mutagenic meat]
 25592 | D:14     | Gained mutation: You have large cloven feet. [mutagenic meat]
 25593 | D:14     | Gained mutation: You are clumsy. (Dex -2) [mutagenic meat]
 25756 | D:14     | Lost mutation: Armour fits poorly on your strangely shaped body. [mutagenic meat]
 26226 | D:15     | Entered Level 15 of the Dungeon
 26363 | D:15     | Found a staircase to the Depths.
 26369 | D:15     | Reached skill level 16 in Polearms
 27055 | Snake:1  | Entered Level 1 of the Snake Pit
 27659 | Snake:1  | Noticed casual's ghost (adept SpEn)
 27957 | Lair:4   | Upgraded the game from 0.19-a0-353-g6b7ed47 to 0.19-a0-376-gf780d9b
 28021 | Shoals:1 | Entered Level 1 of the Shoals
 28061 | Shoals:1 | Found a frozen archway.
 28087 | IceCv    | Entered an ice cave
 28352 | IceCv    | Got a jewelled large shield
 28363 | IceCv    | Identified the +2 large shield "Kisykkeh" {rN+ MR+} (You acquired it in an ice cave)
 28438 | IceCv    | Noticed an Ice Fiend
 28479 | IceCv    | Killed an Ice Fiend
 28759 | Shoals:1 | Reached XP level 17. HP: 128/133 MP: 27/27
 28844 | Shoals:1 | Found Yjitt's Weapon Boutique.
 28959 | Shoals:1 | Reached skill level 17 in Polearms
 29596 | Shoals:2 | Noticed Jorgrun
 29611 | Shoals:2 | Killed Jorgrun
 29715 | Shoals:2 | Noticed Kirke
 29729 | Shoals:2 | Killed Kirke
 30407 | Shoals:3 | Reached skill level 18 in Polearms
 30701 | Shoals:3 | Got a sparkling wooden ring
 30704 | Shoals:3 | Identified the ring "Wichi" {MR+ MP+9} (You found it on level 3 of the Shoals)
 30740 | Shoals:3 | Noticed Louise
 30756 | Shoals:3 | Killed Louise
 31008 | Shoals:4 | Entered Level 4 of the Shoals
 31759 | Shoals:4 | Noticed Ilsuiw
 31791 | Shoals:4 | Killed Ilsuiw
 31791 | Shoals:4 | Reached skill level 19 in Polearms
 32207 | Shoals:4 | Got a barnacled rune of Zot
 32345 | Shoals:4 | Reached XP level 18. HP: 129/140 MP: 28/28
 33184 | Snake:1  | Got a steaming wooden ring
 33187 | Snake:1  | Identified the ring of Weapanwori {*Tele Slay+4} (You found it on level 1 of the Snake Pit)
 33656 | Snake:1  | Reached skill level 20 in Polearms
 33952 | Snake:1  | Got a dull robe
 33966 | Snake:1  | Identified the +1 robe "Yfrid" {-Cast Int+2 SInv} (You found it on level 1 of the Snake Pit)
 34183 | Snake:1  | Killed casual's ghost
 34888 | Snake:2  | Got a slimy ring mail
 34910 | Snake:2  | Identified the +5 ring mail of Contentment {rPois Str+4 Int+5} (You found it on level 2 of the Snake Pit)
 35083 | Snake:2  | Found Afucouv's Book Shop.
 35671 | Snake:3  | Gained mutation: You are somewhat resistant to further mutation. [mutagenic meat]
 35872 | Snake:3  | Reached skill level 21 in Polearms
 36819 | Snake:3  | Reached XP level 19. HP: 139/146 MP: 29/29
 36889 | Snake:4  | Entered Level 4 of the Snake Pit
 36926 | Snake:4  | Noticed kroki's ghost (adept MiGl)
 36978 | Snake:3  | HP: 1/146 [shock serpent (10)]
 37308 | Snake:4  | Found Fannuh's Magic Scroll Boutique.
 37311 | Snake:4  | Bought a scroll of summoning for 180 gold pieces
 37311 | Snake:4  | Bought a scroll of enchant armour for 142 gold pieces
 37311 | Snake:4  | Bought a scroll of enchant weapon for 142 gold pieces
 38150 | Snake:4  | Killed kroki's ghost
 38489 | Snake:4  | Reached skill level 22 in Polearms
 38502 | Snake:4  | Got a bone spear
 38521 | Snake:4  | Identified the +10 spear of the Lumpy Wars {venom, rElec rC- Int+2} (You found it on level 4 of the Snake Pit)
 38737 | Snake:4  | Got a serpentine rune of Zot
 39098 | Snake:4  | Noticed Nikola
 39114 | Snake:4  | Killed Nikola
 39640 | Vaults:1 | Entered Level 1 of the Vaults
 39930 | Vaults:1 | Reached skill level 23 in Polearms
 40028 | Vaults:1 | Found Rainenent's Food Emporium.
 40182 | Vaults:1 | Reached XP level 20. HP: 153/153 MP: 30/30
 41524 | Vaults:2 | Found Guilu's Assorted Antiques.
 41531 | Vaults:2 | Bought a potion of might for 164 gold pieces
 41531 | Vaults:2 | Bought a pair of glowing boots for 184 gold pieces
 41531 | Vaults:2 | Bought a potion of might for 164 gold pieces
 41531 | Vaults:2 | Bought a potion of curing for 123 gold pieces
 41664 | Vaults:2 | You are sucked into a shaft!
 41665 | Vaults:3 | Noticed a lich
 41670 | Vaults:3 | Noticed a tentacled monstrosity
 41685 | Vaults:3 | Killed from afar by a lich

Vault maps used:
D:1:      shiori_arrival_maze
D:2:      ecumenical_altar_1, uniq_crazy_yiuf_cottage, uniq_jessica
D:3:      lemuel_doored_altar, first_bread
D:4:      vehumet_altar_wand_db, minmay_temple_entry_trees,
          nicolae_ossuary_entry_giza, serial_bayou_pond_c
D:5:      minitemple
D:6:      uniq_eustachio, uniq_prince_ribbit1
D:7:      led_sif_pool, the_bakery, kennysheep_generic_room_6
D:8:      lemuel_round_altar, serial_shops, shop
D:9:      elyvilon_altar_5
D:10:     erik_lair_orcish_takeover, special_room
D:11:     kennysheep_kobold_lugonu_temple, erik_orc_3,
          nrook_guardian_serpent_ordinary
D:13:     grunt_vaults_entry_tiered
D:14:     nrook_uturn
D:15:     hangedman_depths_entry_try_elsewhere_first
Lair:1:   grunt_megastairs_1, uniq_gastronok, uniq_erica
Lair:2:   lemuel_fruit_tree, serial_bayou_shore_a
Lair:3:   serial_bayou, serial_bayou_pond_b, serial_bayou_shore_b,
          serial_bayou_lagoon_a, serial_bayou_pond_d, lemuel_old_faithful
Lair:4:   guppyfry_snake_entry_garden, beast_lair_carwin_8, grunt_megastairs_4,
          uniq_urug
Lair:6:   shoals_dummy_entry, slime_altar_1, zaba_anthell, grunt_megastairs_3
Lair:7:   enter_volcano_4, minmay_stone_trees_medium, minmay_lindwurm_lava,
          infiniplex_staircase_pool, uniq_rupert
Lair:8:   hangedman_lair_in_review, guppyfry_lair_end_dragon, uniq_nessos,
          uniq_josephine
Shoals:1: portal_ice_cave_entry_pillars_three, nicolae_shoals_c_island
Shoals:2: uniq_jorgrun, uniq_kirke
Shoals:3: nicolae_shoals_dead_sea_scrolls, uniq_louise
Shoals:4: shoals_end_grunt_ice, shoal_ilsuiw
Snake:1:  kennysheep_snake
Snake:2:  serial_shops, nicolae_shop_stone
Snake:4:  snake_pit, serial_shops, nicolae_shop_behind_doors, spider_trap,
          stair_cage_open, uniq_nikola
Orc:1:    minmay_orc_temple_a, uniq_harold
Orc:2:    st_orc_mages, hangedman_minor_magic
Vaults:1: vaults_dpeg_diagonal, v_rooms_5, nicolae_vaults_what_the_h,
          nicolae_vaults_sealed_display, grunt_vaults_diagonal,
          hangedman_vaults_snaps, v_rooms_2, vaults_room_grid,
          nicolae_vaults_mini_display_case, nicolae_vaults_shelves_hall,
          vaults_room_stairs_pillars, nicolae_vaults_little_squares_3,
          ontoclasm_vaults_gateway, ontoclasm_vaults_pinch, serial_shops,
          nicolae_shop_waterfront
Vaults:2: v_misc_28, nicolae_vaults_rhombus_7, hangedman_vaults_corner,
          vaults_dpeg_cross, nicolae_vaults_gold_heap, vaults_dpeg_spiral,
          vaults_mumra_minichess, v_alt_pattern_4,
          ontoclasm_vaults_decontamination, serial_shops, nicolae_shop_crystal
Vaults:3: grunt_vaults_hallway_short, vaults_room_fancy_cross, v_misc_15,
          v_misc_30, v_alt_pattern_1, hangedman_vaults_restitches,
          nicolae_vaults_minivaults, minmay_crypt_entry_simple_walls,
          v_alt_pattern_2, v_misc_19, nicolae_vaults_ring_of_whatevers,
          vaults_mumra_hex, serial_shops, shop_fountains, shop,
          nicolae_shop_overgrown_old_shop,
          nicolae_shop_competitors_out_of_business, shop, uniq_xtahua,
          uniq_frederick
Ossuary:  ossuary_minmay_chase
IceCv:    ice_cave_caverns_03
Volcano:  volcano_grotto

Skill      XL: |  1  2  3  4  5  6  7  8  9 10 11 12 13 14 15 16 17 18 19 |
---------------+----------------------------------------------------------+-----
Fighting       | 3 4 5 6 8 10 12 | 12.2
Polearms       | 4 5 6 8 10 12 15 16 19 21 23 | 23.7
Armour         | 1 4 7 11 | 11.8
Invocations    | 2 8 11 14 | 14.1
Shields        | 6 9 10 16 | 16.2
Dodging        | 3 5 |  5.6
Throwing       | |  2.0

Action                   |  1- 3 |  4- 6 |  7- 9 | 10-12 | 13-15 | 16-18 | 19-21 || total
-------------------------+-------+-------+-------+-------+-------+-------+-------++-------
Melee: Trident           |    72 |   231 |   453 |   839 |  1793 |  2020 |   213 ||  5621
       Bite              |       |       |     5 |    81 |   224 |   245 |    52 ||   607
       Bardiche          |       |       |       |       |       |    11 |   370 ||   381
       Spear             |       |       |       |       |       |       |    10 ||    10
Invok: Recall Ancestor   |       |     1 |     1 |     2 |     6 |     3 |     1 ||    14
       Transference      |       |       |       |     1 |     4 |     3 |       ||     8
       Ancestor Life: Ba |       |       |       |     1 |       |       |       ||     1
       Idealise          |       |       |       |       |     4 |    11 |     6 ||    21
Battlemage: Bolt         |       |       |       |       |     1 |       |       ||     1
 Abil: Dig               |       |       |     2 |     6 |    12 |    23 |     4 ||    47
Evoke: Wand              |       |       |       |       |     1 |     3 |     2 ||     6
  Use: Scroll            |       |     8 |     5 |     5 |     7 |    13 |     9 ||    47
       Potion            |       |     8 |     1 |       |    15 |    10 |     1 ||    35
 Stab: Sleeping          |     1 |       |       |       |       |     1 |     2 ||     4
       Distracted        |       |     1 |     1 |    10 |    18 |    31 |    20 ||    81
  Eat: Chunk             |       |     3 |     3 |     6 |     2 |    20 |       ||    34
       Bread ration      |       |     1 |     1 |       |     1 |     5 |       ||     8
       Meat ration       |       |       |     1 |     4 |     5 |     2 |     1 ||    13
       Pizza             |       |       |       |     1 |     2 |     1 |     1 ||     5
       Royal jelly       |       |       |       |     1 |       |     1 |     4 ||     6
       Fruit             |       |       |       |       |     1 |     8 |       ||     9
Armor: Leather armour    |    15 |    53 |       |       |       |       |       ||    68
       Skin              |       |    29 |     7 |       |       |       |       ||    36
       Chain mail        |       |       |   100 |    36 |   237 |   131 |       ||   504
       Plate armour      |       |       |    30 |   111 |       |       |       ||   141
       Ring mail         |       |       |       |       |       |    11 |    24 ||    35
Dodge: Dodged            |    34 |   130 |   137 |   222 |   515 |   404 |    97 ||  1539
Block: Other             |     1 |    41 |    50 |    55 |       |       |       ||   147
       Reflection        |       |     1 |     2 |     2 |    18 |   138 |    74 ||   235
       Shield            |       |       |       |    71 |   863 |   386 |       ||  1320
       Large shield      |       |       |       |       |       |  1074 |   422 ||  1496
